 Dungeon Crawl Stone Soup version 0.30-a0-879-ga8ba668304 (webtiles) character file.

Game seed: 13330306951287275510

779 jasper the Ruffian (level 7, 3/52 (56) HPs)
             Began as a Demonspawn Gladiator on Mar 13, 2023.
             Was a Believer of Makhleb.
             Quit the game on level 8 of the Dungeon.
             The game lasted 00:11:53 (5748 turns).

jasper the Ruffian (Demonspawn Gladiator)           Turns: 5748, Time: 00:11:53

HP:   3/52 (56)     AC: 17    Str: 16    XL:     7   Next: 54%
MP:   7/7           EV:  7    Int:  9    God:    Makhleb [**....]
Gold: 306           SH:  0    Dex: 15    Spells: 6/6 levels left

rFire   . . .      SeeInvis .      - Unarmed
rCold   . . .      Faith    +    (no shield)
rNeg    + . .      Spirit   .    j - +0 chain mail
rPois   .          Reflect  .    b - +1 helmet
rElec   .          Rampage  .    (no cloak)
rCorr   .                        (no gloves)
Will    .....                    l - +0 pair of boots Stlth
                                 f - amulet of faith
HPRegen 0.28/turn                d - ring of positive energy
MPRegen 0.10/turn                u - +4 ring of protection

@: confused, lethally poisoned (3 -> -6), drained
A: claws 1, rugged brown scales 1, powered by pain 1, demonic magic 1, screaming
1
a: Renounce Religion, Minor Destruction


You were on level 8 of the Dungeon.
You worshipped Makhleb.
Makhleb was pleased with you.
You visited 1 branch of the dungeon, and saw 8 of its levels.

You collected 306 gold pieces.

Inventory:

Missiles
 c - 3 throwing nets
 e - 62 stones (quivered)
 h - 3 poisoned darts
 o - 6 javelins
Armour
 a - a +0 leather armour
 b - a +1 helmet (worn)
 i - a +0 ring mail
 j - a +0 chain mail (worn)
 l - a +0 pair of boots (worn)
 q - a scarf of invisibility
Jewellery
 d - a ring of positive energy (left claw)
 f - an amulet of faith (around neck)
 g - a ring of magical power
 r - a ring of willpower
 u - a +4 ring of protection (right claw)
Wands
 m - a wand of flame (10)
Scrolls
 k - 2 scrolls of teleportation
Potions
 n - a potion of flight


   Skills:
 + Level 4.8 Fighting
 - Level 1.7 Throwing
 + Level 3.2 Armour
 - Level 2.6 Dodging
 * Level 6.1 Unarmed Combat


You had 6 spell levels left.
You didn't know any spells.
Your spell library contained the following spells:

 Spells                   Type           Power      Damage    Failure   Level
 Summon Small Mammal      Summ           0%         N/A       100%        1
 Call Canine Familiar     Summ           0%         N/A       100%        3
 Frozen Ramparts          Ice            0%         1d1       100%        3
 Summon Guardian Golem    Hex/Summ       0%         N/A       100%        3
 Ice Form                 Ice/Tmut       0%         N/A       100%        4
 Summon Ice Beast         Ice/Summ       0%         N/A       100%        4


Dungeon Overview and Level Annotations

Branches:
Dungeon (9/15)             Temple (0/1) D:6            Lair (0/5) D:8
    Orc: D:9-12

Altars:
Makhleb
Okawaru
Sif Muna
Vehumet

Annotations:
D:3 exclusion: downstairs


Innate Abilities, Weirdness & Mutations

You have sharp fingernails.
You are partially covered in rugged brown scales. (AC +1, +3% HP)
You sometimes gain a little power by taking damage.
Spells you cast may paralyse adjacent enemies.
You occasionally shout uncontrollably at your foes.


Message History

You take 5 damage, and have 42/55 hp.
You feel very sick. The wight hits you but does no damage.
You hear some strange, mumbled words.
A puff of flame appears from out of thin air!
The puff of flame hits you. The wight hits you with a +4 falchion.
You partially resist.
You feel drained.
You take 11 damage, and have 31/53 hp.
MASSIVE DAMAGE!!
You feel very sick. The orc hits you but does no damage.
The wight hits you but does no damage.
You take 3 damage, and have 28/53 hp.
You are too confused!
Unknown command.
You closely miss the wight.
You feel very sick. Something hits you but does no damage.
The wight hits you with a +4 falchion!
You take 11 damage, and have 17/53 hp.
MASSIVE DAMAGE!!
Okay, then.
You bump into the rock wall.
You feel sick.
You hear some strange, mumbled words.
Something tries to affect you, but you resist.
The orc hits you with a +0 flail.
* * * LOW HITPOINT WARNING * * *
The wight hits you with a +4 falchion.
* * * LOW HITPOINT WARNING * * *
You partially resist.
You feel drained.
You take 11 damage, and have 6/52 hp.
MASSIVE DAMAGE!!
Unknown command.
The orc attacks as you move away! The orc hits you but does no damage.
Something hits you but does no damage.
You are more poisoned.
* * * LOW HITPOINT WARNING * * *
You feel very sick.
You hear some strange, mumbled words.
Something tries to affect you, but you resist.
The wight barely misses you.
You take 3 damage, and have 3/52 hp.
Unknown command.
Okay, then.
Are you sure you want to abandon this character and quit the game? (Confirm with "yes".)

############
#......@.o.#
#.......zz.#
#...>......#
#..........#
#..........#....#
#..........#....#
#
#..........#....#
.#
#..........#....#
..#
#..........#...#
...#


You could see 2 wights and an orc.

Vanquished Creatures
  2 water moccasins (D:5)
  An ogre (D:5)
  A kobold brigand (D:9)
  A scorpion (D:5)
  2 orc priests
  A hound (D:5)
  2 iguanas
  A sleepcap (D:6)
  2 orc wizards
  2 gnolls (D:3)
  3 adders
  2 shadow imps
  A white imp (D:6)
  A worm (D:2)
  2 dart slugs (D:2)
  6 orcs
  3 bats
  9 giant cockroaches
  11 goblins
  6 hobgoblins
  15 kobolds
  A quokka (D:1)
  10 ball pythons
  5 frilled lizards
  3 rats
93 creatures vanquished.

Notes
Turn   | Place    | Note
-------+----------+-------------------------------------------
     0 | D:1      | jasper the Demonspawn Gladiator began the quest for the
                  | Orb.
     0 | D:1      | Reached XP level 1. HP: 16/16 MP: 1/1
   158 | D:1      | Reached skill level 3 in Unarmed Combat
   212 | D:1      | Gained mutation: You have sharp fingernails. [demonic
                  | ancestry]
   212 | D:1      | Reached XP level 2. HP: 23/23 MP: 2/2
   230 | D:1      | Found a faded altar of an unknown god.
   250 | D:1      | Prayed at the altar of an unknown god.
   250 | D:1      | Became a worshipper of Makhleb the Destroyer
   250 | D:1      | Reached * piety under Makhleb
   720 | D:1      | Reached XP level 3. HP: 21/28 MP: 3/3
  1436 | D:2      | Reached ** piety under Makhleb
  2203 | D:2      | Identified the +7 dagger of Dissatisfaction {drain, Will+}
  2444 | D:3      | Identified the +1 leather armour of Eternal Night {*Corrode
                  | Str+4}
  2731 | D:3      | Gained mutation: You sometimes gain a little power by
                  | taking damage. [demonic ancestry]
  2731 | D:3      | Reached XP level 4. HP: 32/35 MP: 4/4
  2746 | D:3      | Reached skill level 1 in Armour
  2757 | D:3      | Found an iron altar of Okawaru.
  3553 | D:4      | Noticed an orc warrior
  3597 | D:5      | Entered Level 5 of the Dungeon
  3621 | D:4      | Reached skill level 4 in Unarmed Combat
  3654 | D:5      | Noticed a water moccasin
  3685 | D:5      | Killed a water moccasin
  3686 | D:5      | Gained mutation: Spells you cast may paralyse adjacent
                  | enemies. [demonic ancestry]
  3686 | D:5      | Reached XP level 5. HP: 30/42 MP: 5/5
  3927 | D:5      | Found a shimmering blue altar of Sif Muna.
  3937 | D:5      | Found a radiant altar of Vehumet.
  4020 | D:5      | Gained mutation: You are partially covered in rugged brown
                  | scales. (AC +1, +3% HP) [demonic ancestry]
  4020 | D:5      | Reached XP level 6. HP: 42/49 MP: 6/6
  4072 | D:5      | Reached skill level 5 in Unarmed Combat
  4366 | D:5      | Noticed a water moccasin
  4392 | D:5      | Killed a water moccasin
  4681 | D:5      | Reached XP level 7. HP: 38/56 MP: 7/7
  5073 | D:6      | Found a staircase to the Ecumenical Temple.
  5246 | D:6      | You fall into a shaft and drop 3 floors!
  5332 | D:9      | Gained mutation: You occasionally shout uncontrollably at
                  | your foes. [potion of mutation]
  5478 | D:9      | Noticed a hornet
  5498 | D:9      | Reached skill level 6 in Unarmed Combat
  5711 | D:8      | Found a staircase to the Lair.
  5748 | D:8      | Quit the game

Illustrated notes

Levels and vault maps discovered:
D:1:      dpeg_arrival_morbid_curiosity, layout_basic,
          nicolae_ecumenical_snake_handling, kennysheep_small_spiral
D:2:      minmay_roachtagon, layout_basic, serial_corexii_hall,
          corexii_hall_statues_x, chequers_hall_statues_wall_a
D:3:      layout_basic, okawaru_altar_gauntlet_db
D:4:      layout_rooms, kennysheep_decorative_pillar, uniq_duvessa
D:5:      layout_gridville, mainiacjoe_overflow_cross_hatched,
          lemuel_doored_altar
D:6:      layout_loops_corners, lemuel_temple_firewalk_b
D:8:      layout_gridville, xom_redecorated, nicolae_dithmenos_the_darkroom,
          serial_undead, serial_undead_a, serial_undead_b, serial_undead_d,
          serial_undead_c, uniq_psyche
D:9:      layout_cross, kennysheep_mini_moat, fedhas_altar_2, serial_shops,
          nicolae_shop_trees, kennysheep_dice

Skill      XL: |  1  2  3  4  5  6  7 |
---------------+----------------------+-----
Unarmed Combat | 3 4 5 6 |  6.1
Fighting       | 3 4 |  4.8
Armour         | 1 2 3 |  3.2
Throwing       | |  1.7
Dodging        | |  2.6

Action                     |  1- 3 |  4- 6 |  7- 9 || total
---------------------------+-------+-------+-------++-------
  Melee: Unarmed           |   175 |   121 |    79 ||   375
         Punch             |     4 |     4 |     3 ||    11
  Throw: Stone             |    10 |    14 |     4 ||    28
         Throwing net      |     1 |     3 |       ||     4
         Javelin           |     1 |       |       ||     1
    Use: Scroll            |     1 |     4 |     2 ||     7
         Potion            |       |     4 |     7 ||    11
   Stab: Held in net/web   |     1 |       |       ||     1
 Armour: Leather armour    |    16 |       |       ||    16
         Ring mail         |    10 |       |       ||    10
         Chain mail        |    37 |    67 |    61 ||   165
  Dodge: Dodged            |    99 |    43 |    43 ||   185

Table legend: (Time is in decaauts)
 A = Elapsed time spent in this place.
 B = Non-inter-level travel time spent in this place.
 C = Inter-level travel time spent in this place.
 D = Time resting spent in this place.
 E = Time spent auto-exploring this place.
 F = Levels seen in this place.
 G = Mean time per level.
                   A        B        C        D        E       F      G
               +--------+--------+--------+--------+--------+-----+--------+
         Total |   5717 |   5544 |    173 |    727 |   3744 |   8 |  714.6 |
       Dungeon |   5717 |   5544 |    173 |    727 |   3744 |   8 |  714.6 |
               +--------+--------+--------+--------+--------+-----+--------+

Top non-repeatable levels by time:
     D:5: 1256 daAuts
     D:1: 1195 daAuts
     D:3: 1161 daAuts
     D:2: 1030 daAuts
     D:9: 346 daAuts
     D:6: 340 daAuts
     D:4: 236 daAuts
     D:8: 149 daAuts
